Description

The strategy is to hold off the other Terran player long enough to build a fleet of Battlecruisers, while using the new ability to warp anywhere on the map to harass. Additionally, a small mix of marines, mines, and strategic placement are utilized.

VOD

https://youtu.be/lPihVHpDjq4

Build Order

Get SALT Encoding   

  12  0:04  SCV  
  13  0:37  Supply Depot  
  13  0:38  SCV  
  14  0:50  SCV  
  14  0:53  Supply Depot  
  15  01:01  Refinery  
  15  01:02  SCV  
  16  01:14  SCV  
  17  01:18  Barracks  
  17  01:26  SCV  
  18  01:35  Refinery  
  18  01:36  Supply Depot  
  18  01:38  SCV  
  19  01:50  SCV  
  20  01:55  Engineering Bay  
  20  02:02  SCV  
  20  02:07  Supply Depot  
  21  02:10  Barracks Reactor  
  21  02:27  SCV  
  22  02:30  SCV, Factory  
  23  02:35  Supply Depot  
  23  02:39  SCV  
  24  02:45  Hi-Sec Auto Tracking  
  24  02:51  SCV  
  25  02:58  Missile Turret  
  25  03:02  Marine  
  25  03:04  Marine  
  26  03:28  Orbital Command  
  26  03:31  Factory Reactor  
  26  03:33  Marine  
  27  03:34  Marine  
  28  03:55  Starport  
  28  04:03  Starport  +marines *2
  30  04:29  Marine x2  
  31  04:40  Starport Tech Lab  
  31  04:41  Starport Tech Lab  
  31  04:47  Hellion x2  
  31  04:49  Fusion Core  
  35  04:55  SCV  
  35  04:57  Marine  
  35  04:58  Marine  
  38  05:07  SCV  
  38  05:09  Command Center  
  39  05:24  Marine x2  
  41  05:40  Armory  
  42  05:52  Battlecruiser  
  43  05:58  Marine x2  
  43  06:02  Widow Mine  
  47  06:04  Widow Mine  
  49  06:25  Orbital Command  
  49  06:29  Refinery  
  49  06:57  Refinery  
  49  06:58  Battlecruiser  
  55  07:11  Marine  
  55  07:12  Marine  
  57  07:25  Weapon Refit  
  57  07:31  Terran Ship Weapons Level 1  
  57  07:34  Marine x2  
  59  07:37  Command Center  
  59  07:41  SCV x2  
  61  07:46  Widow Mine x2  
  61  07:49  Barracks  
  65  07:52  Marine x2  
  65  07:53  SCV x2  
  69  08:02  Missile Turret  
  69  08:10  Missile Turret  
  69  08:17  Marine  
  70  08:31  Missile Turret  
  70  08:37  Supply Depot  
  70  08:48  Marine  
  70  09:00  Supply Depot  
  70  09:01  Missile Turret  
  70  09:10  Missile Turret  
  70  09:12  Planetary Fortress  
  70  09:16  SCV x2  
  72  09:25  Terran Vehicle And Ship Armor Level 1  
  72  09:27  Widow Mine  
  72  09:28  SCV x2  
  72  09:30  Missile Turret  
  76  09:32  Starport  
  76  09:40  SCV x2  
  78  09:47  Missile Turret  
  78  09:51  SCV  
  78  09:52  SCV x2  
  81  09:57  Missile Turret x2  
  81  10:00  Battlecruiser  
Spawning Tool Build Advisor. Get it on Overwolf

Go to:

Details

  • Created by: superbob
  • Published on: Aug 28, 2016
  • Modified on: Aug 28, 2016
  • Patch: Pre-3.8.0
Show
View Real Time Build Order
Export as new Build Order

Comments (1)

On Aug. 29, 2016, 9:32 a.m., DiversitY  said:

Hey, nice BO. Fun to get something using BCs however, please precise the applicable leagues for this BO. I strongly doubt it would work from Diamond league.

I won't comment the bad scouting and awful reaper micro of the opponent, but starting with 2 supplies and a reactor first on the rax is a bit risky dude... First marines come out at 3:20.
What if mass reaper ? If hellions reapers push (which is the current meta in TvT) ?

At 8 mn mark, all you get to defend beside your BC are 8 marines and 2 mines. This is a bit light. Maybe you could modify the BO to make at least one tank.

Others optimizations propositions:
- Looks like in your videos you start the Hi-Sec Auto Track upgrade before the factory. It's better to do what you wrote in the BO above: Factory first, then the upgrade.
- Start Command Center before the starports. Allows you to get Expand earlier and get more gas. I'm not even sure it will delay thaaat much the BCs.
- Get at least one tank with few turrets

Create an account to comment!